 Dungeon Crawl Stone Soup version 0.30-a0-576-g89cddaab80 (webtiles) character file.

Game seed: 3264962619404727203

1 drugrobin the Sneak (level 1, 0/18 HPs)
             Began as a Demigod Delver on Dec 31, 2022.
             Slain by a giant cockroach (2 damage)
             ... on level 4 of the Dungeon.
             The game lasted 00:02:28 (128 turns).

drugrobin the Sneak (Demigod Delver)                 Turns: 128, Time: 00:02:28

Health: 0/18       AC:  3    Str: 13    XL:     1   Next: 13%
Magic:  3/3        EV: 11    Int: 12    God:
Gold:   0          SH:  0    Dex: 15    Spells: 0/0 levels left

rFire   . . .      SeeInvis .    a - +0 spear
rCold   . . .      Faith    .    (no shield)
rNeg    . . .      Spirit   .    b - +0 leather armour
rPois   .          Reflect  .    (no helmet)
rElec   .          Harm     .    (no cloak)
rCorr   .          Rampage  .    (no gloves)
Will    .....                    (no boots)
Stlth   +++                      (no amulet)
HPRegen 0.23/turn                (no ring)
MPRegen 0.08/turn                (no ring)

@: no status effects
A: high MP 1, forlorn, divine attributes
a: no special abilities


You were on level 4 of the Dungeon.
You visited 1 branch of the dungeon, and saw 2 of its levels.

Inventory:

Hand Weapons
 a - a +0 spear (weapon)
Armour
 b - a +0 leather armour (worn)
Wands
 g - a wand of digging (3)
Scrolls
 c - a scroll of fog
Potions
 f - a potion of haste


   Skills:
 - Level 2.6 Fighting
 + Level 1.9 Polearms
 - Level 1.7 Dodging
 - Level 4.5 Stealth


You couldn't memorise any spells.
You didn't know any spells.
Your spell library was empty.

Dungeon Overview and Level Annotations

Branches:
Dungeon (5/15)
 Temple: D:4-7

Portals:
Sewer: D:4

Annotations:
D:4 Blork the orc


Innate Abilities, Weirdness & Mutations

You have an increased reservoir of magic. (+10% MP)
You shall have no god before yourself.
Your divine heritage dramatically boosts your attributes as you level up.


Message History

Unknown command.
You hit the ball python.
You kill the ball python!
Unknown command.
Unknown command.
Unknown command.
Unknown command.
Unknown command.
Unknown command.
Unknown command.
Unknown command.
Unknown command.
Unknown command.
Unknown command.
Unknown command.
The giant cockroach closely misses you. The giant cockroach bites you.
Blork the orc looks angry.
You hear the slow rusting of a distant drain.
The giant cockroach bites you but does no damage.
The giant cockroach attacks as you move away!
The giant cockroach barely misses you. The giant cockroach barely misses you.
The giant cockroach attacks as you move away!
The giant cockroach barely misses you.
Blork the orc gestures wildly while chanting.
Blork the orc seems to speed up.
The giant cockroach completely misses you.
The giant cockroach attacks as you move away!
The giant cockroach bites you but does no damage.
The giant cockroach attacks as you move away!
The giant cockroach bites you but does no damage.
Blork the orc gestures at you while chanting.
The magic dart hits you!
Ouch! That really hurt!
* * * LOW HITPOINT WARNING * * *
The giant cockroach bites you but does no damage.
The giant cockroach attacks as you move away!
The giant cockroach bites you.
You die...

* #.# #o# #.# #.#
#.# ####### #.#
#.# #.....# #.#
#o# #.....####.#
#.# #...o......#
#.# #.....######
#.#########.....#
#..........@BS###
###############


You could see Blork the orc (fast), a giant cockroach and a ball python.

Vanquished Creatures
  2 ball pythons (D:4)
2 creatures vanquished.

Notes
Turn   | Place    | Note
-------+----------+-------------------------------------------
     0 | D:5      | drugrobin the Demigod Delver began the quest for the Orb.
     0 | D:5      | Reached XP level 1. HP: 18/18 MP: 3/3
     3 | D:5      | Noticed an iguana
     4 | D:5      | Noticed an iguana
    13 | D:4      | Noticed Blork the orc
    86 | D:4      | Found a glowing drain.
   128 | D:4      | Slain by a giant cockroach

Illustrated notes

Levels and vault maps discovered:
D:4:      layout_loops_ring, portal_sewer_entry_b, uniq_crazy_yiuf_cottage,
          uniq_blork_the_orc
D:5:      layout_rooms, lemuel_tele_altar, led_sif_pool, zin_academy,
          gammafunk_ghost_arena

Action                   || total
-------------------------++-------
Melee: Spear             ||     5
  Use: Scroll            ||     2
Armor: Leather armour    ||    11
Dodge: Dodged            ||    25

Table legend: (Time is in decaauts)
 A = Elapsed time spent in this place.
 B = Non-inter-level travel time spent in this place.
 C = Inter-level travel time spent in this place.
 D = Time resting spent in this place.
 E = Time spent auto-exploring this place.
 F = Levels seen in this place.
 G = Mean time per level.
                   A        B        C        D        E       F      G
               +--------+--------+--------+--------+--------+-----+--------+
         Total |    127 |    127 |      0 |      0 |      3 |   2 |   63.5 |
       Dungeon |    127 |    127 |      0 |      0 |      3 |   2 |   63.5 |
               +--------+--------+--------+--------+--------+-----+--------+

Top non-repeatable levels by time:
     D:4: 116 daAuts
     D:5: 11 daAuts
